 Dungeon Crawl Stone Soup version 0.17-a0-2127-g1cb09f6 (webtiles) character file.

84 Ijustatesigmund the Sneak (level 4, 0/27 HPs)
             Began as an Octopode Wizard on Oct 22, 2015.
             Was an Initiate of Cheibriados.
             Slain by an orc wizard
             ... wielding a +0 dagger
              (3 damage)
             ... on level 3 of the Dungeon.
             The game lasted 00:07:51 (2681 turns).

Ijustatesigmund the Sneak (Octopode Wizard)         Turns: 2681, Time: 00:07:51

Health: 0/27       AC:  3    Str:  7    XL:     4   Next: 45%
Magic:  8/8        EV: 17    Int: 22    God:    Cheibriados [......]
Gold:   173        SH:  0    Dex: 16    Spells: 4 memorised, 1 level left

rFire  . . .     SeeInvis .     d - +1 short sword
rCold  . . .     Clarity  .     (no shield)
rNeg   . . .     SustAt   .     a - +2 hat
rPois  .         Gourm    .     (no amulet)
rElec  .         Spirit   .     (no ring)
rCorr  .         Warding  .     (no ring)
rMut   .         Stasis   .     (no ring)
MR     .....                    (no ring)
Stlth  +++++.....               (no ring)
                                (no ring)
                                (no ring)
                                (no ring)

@: agile, about to teleport, very slow, not resistant to hostile enchantments,
quite stealthy
A: almost no armour, amphibious, 8 rings, constrict 8, camouflage 1, gelatinous
body 1
a: Bend Time, Renounce Religion


You were on level 3 of the Dungeon.
You worshipped Cheibriados.
Cheibriados was noncommittal.
You were not hungry.

You visited 1 branch of the dungeon, and saw 3 of its levels.

You collected 173 gold pieces.

Inventory:

Hand Weapons
 d - a +1 short sword (weapon)
Armour
 a - a +2 hat (worn)
Jewellery
 l - an uncursed ring of fire
Scrolls
 k - a scroll of enchant armour
Potions
 f - a potion of lignification {unknown}
 i - 2 potions of might
 j - a potion of resistance {unknown}
Books
 b - a book of Minor Magic

   Spells                             Type                      Level
   a - Magic Dart                     Conjuration                  1
   b - Blink                          Translocation                2
   c - Call Imp                       Summoning                    2
   d - Repel Missiles                 Charms/Air                   2
   e - Slow                           Hexes                        2
   f - Conjure Flame                  Conjuration/Fire             3
   g - Mephitic Cloud                 Conjuration/Poison/Air       3
Comestibles
 c - 2 bread rations
 h - a slice of pizza


   Skills:
 - Level 1.1 Short Blades
 - Level 2.0 Dodging
 + Level 3.6 Stealth
 - Level 3.0 Spellcasting
 + Level 2.8 Conjurations
   Level 1.0 Summonings
 - Level 1.0 Translocations
 - Level 1.0 Air Magic
 + Level 1.2 Poison Magic
 + Level 0.2 Invocations


You had one spell level left.
You knew the following spells:

 Your Spells              Type           Power        Failure   Level  Hunger
a - Magic Dart            Conj           ###.         4%          1    None
b - Blink                 Tloc           N/A          14%         2    ##.....
c - Repel Missiles        Chrm/Air       #.....       17%         2    ##.....
d - Mephitic Cloud        Conj/Pois/Air  ##......     21%         3    ###....


Dungeon Overview and Level Annotations

Branches:
Dungeon (3/15)

Altars:
Cheibriados
Elyvilon
Qazlal
Xom

Annotations:
D:3 Ijustatesigmund's ghost, amateur OpWz


Innate Abilities, Weirdness & Mutations

You cannot wear most types of armour.
You are amphibious.
You can wear up to eight rings at the same time.
You can use your tentacles to constrict eight enemies at once.
Your skin changes colour to match your surroundings (Stealth).
Your rubbery body absorbs attacks (AC +1).


Message History

The gnoll throws a stone.
The stone hits you. The orc wizard hits you with a dagger.
An orc comes into view. It is wielding a short sword.
Read which item? (? for menu, Esc to quit)
As you read the scroll of teleportation, it crumbles to dust.
You feel strangely unstable.
You constrict the orc wizard, but do no damage.
The orc hits you with a hand axe.
* * * LOW HITPOINT WARNING * * *
The gnoll throws a stone.
The stone closely misses you. The orc wizard hits you with a dagger.
* * * LOW HITPOINT WARNING * * *
An orc priest comes into view.
Drink which item? (? for menu, Esc to quit)
It was a potion of agility.
You feel agile all of a sudden.
You constrict the orc wizard, but do no damage.
The gnoll throws a stone.
The stone misses you. The orc completely misses you.
The orc wizard hits you with a dagger.
You die...

#.............#
#.####.#....#### #.#
#.#....<... #.#
#)#.#######
#.####'#.#......
#.##.....#...### #
#.##.........#
#.###.##....†....###
#oo@................
#.o##..#..g..#.#####
#......#.....#.#
.o....#########.#
####.## #.# #. .# #.
# #. + #


You could see an orc priest, an orc wizard, a gnoll and 2 orcs.

Vanquished Creatures
  An adder (D:2)
  A worm (D:2)
  2 giant geckos (D:1)
  5 orcs (D:3)
  A ball python (D:1)
  6 bats
  3 giant cockroaches
  9 hobgoblins
  8 jackals
  4 giant newts (D:1)
  7 goblins
  8 kobolds
  A quokka (D:2)
  5 rats
61 creatures vanquished.

Notes
Turn   | Place    | Note
--------------------------------------------------------------
     0 | D:1      | Ijustatesigmund the Octopode Wizard began the quest for the Orb.
     0 | D:1      | Reached XP level 1. HP: 11/11 MP: 4/4
   241 | D:1      | Reached XP level 2. HP: 17/17 MP: 1/6
   245 | D:1      | Learned a level 2 spell: Blink
   248 | D:1      | Learned a level 2 spell: Repel Missiles
   945 | D:1      | Reached XP level 3. HP: 21/21 MP: 3/7
   987 | D:1      | Learned a level 3 spell: Mephitic Cloud
  1539 | D:2      | Reached XP level 4. HP: 27/27 MP: 2/8
  1737 | D:2      | Found a faded altar to an unknown god.
  2009 | D:2      | Found a snail-covered altar of Cheibriados.
  2015 | D:2      | Became a worshipper of Cheibriados the Contemplative
  2062 | D:2      | Found a white marble altar of Elyvilon.
  2062 | D:2      | Found a shimmering altar of Xom.
  2065 | D:2      | Found a stormy altar of Qazlal.
  2408 | D:3      | Reached skill level 1 in Air Magic
  2449 | D:3      | Reached skill level 1 in Short Blades
  2551 | D:3      | Reached skill level 1 in Poison Magic
  2605 | D:3      | Noticed Ijustatesigmund's ghost (amateur OpWz)
  2681 | D:3      | Slain by an orc wizard

Vault maps used:
D:1:      shiori_arrival_oz, minmay_bisected
D:2:      cheibriados_altar_1, gammafunk_temple_overflow_claw,
          ecumenical_altar_2
D:3:      grunt_temple_overflow_gold_and_silver, led_sif_pool, first_bread,
          minivault_23, okawaru_altar_gauntlet_db

Action                   |  1- 3 |  4- 6 || total
-------------------------+-------+-------++-------
Melee: Short sword       |    34 |    20 ||    54
 Cast: Magic Dart        |    73 |    24 ||    97
       Repel Missiles    |     1 |     1 ||     2
       Mephitic Cloud    |       |     1 ||     1
  Use: Scroll            |     7 |     3 ||    10
       Potion            |       |     1 ||     1
 Stab: Sleeping          |     2 |     5 ||     7
  Eat: Chunk             |     2 |     4 ||     6
